 Dungeon Crawl Stone Soup version 0.28-a0-48-gfd831c5874 (webtiles) character file.

Game seed: 5557933710728329737

37 Spectrina the Sneak (level 3, -1/22 HPs)
             Began as a Deep Elf Delver on July 29, 2021.
             Was an Initiate of Dithmenos.
             Slain by an iguana (9 damage)
             ... on level 6 of the Dungeon.
             The game lasted 00:00:42 (34 turns).

Spectrina the Sneak (Deep Elf Delver)                 Turns: 34, Time: 00:00:43

Health: -1/22      AC:  3    Str:  9    XL:     3   Next: 23%
Magic:  5/5        EV: 12    Int: 15    God:    Dithmenos [......]
Gold:   0          SH:  0    Dex: 16    Spells: 2/2 levels left

rFire   . . .      SeeInvis .   a - +0 short sword
rCold   . . .      Faith    .   (no shield)
rNeg    . . .      Spirit   .   b - +0 leather armour
rPois   .          Reflect  .   (no helmet)
rElec   .          Harm     .   (no cloak)
rCorr   .          Rampage  .   (no gloves)
Will    .....                   (no boots)
Stlth   +++.......              (no amulet)
HPRegen 0.07/turn               (no ring)
MPRegen 0.09/turn               (no ring)

@: hasted, very quick
A: no striking features
a: Renounce Religion


You were on level 6 of the Dungeon.
You worshipped Dithmenos.
Dithmenos was noncommittal.
You visited 1 branch of the dungeon, and saw 2 of its levels.

Inventory:

Hand Weapons
 a - a +0 short sword (weapon)
Armour
 b - a +0 leather armour (worn)
Wands
 g - a wand of digging (3)
Scrolls
 c - a scroll of fog
 d - a scroll of magic mapping
 e - a scroll of fear


   Skills:
 - Level 2.4 Fighting
 - Level 2.0 Short Blades
 - Level 2.4 Dodging
 + Level 7.4 Stealth


You had 2 spell levels left.
You didn't know any spells.
Your spell library was empty.

Dungeon Overview and Level Annotations

Branches:
Dungeon (6/15)
 Temple: D:4-7

Altars:
Ashenzari
Cheibriados
Dithmenos
Zin
The Shining One


Message History

You hear the sound of rushing water.
There is an entrance to a sewer on this level.
Hurry and find it before the portal rusts away!
A howler monkey comes into view.
There is a stone staircase leading up here.
Unknown command.
The helpless howler monkey fails to defend itself.
You impale the howler monkey!!
You kill the howler monkey!
Dithmenos accepts your kill.
Your Stealth skill increases to level 7!
You have reached level 2!
You have reached level 3!
Your experience leads to an increase in your attributes!
Increase (S)trength, (I)ntelligence, or (D)exterity?
You feel clever.
You open the door.
There is an open door here.
You open the door.
An iguana comes into view.
There is an open door here.
The iguana hisses angrily.
Found a stone staircase leading down.
Okay, then.
Okay, then.
You feel yourself speed up. The iguana bites you.
Unknown command.
You hit the iguana.
The iguana is moderately wounded.
You barely miss the iguana.
The iguana is moderately wounded.
The iguana bites you.
You barely miss the iguana.
The iguana is moderately wounded.
The iguana bites you!
You barely miss the iguana.
The iguana is moderately wounded.
You hit the iguana.
The iguana is moderately wounded.
The iguana bites you!
You die...

.>..# #...# #...# #...#
#...# #...# .. +.l.#
...#.@.# ####
.......#'###### ....
#######.......######....
#.......'.........
#.......#....†....
#.......#.........
#.......#.........
#.......#.<.##...#
#.......##### ####


You could see an iguana.

Vanquished Creatures
  A howler monkey (D:6)
1 creature vanquished.

Notes
Turn   | Place    | Note
-------+----------+-------------------------------------------
     0 | D:5      | Spectrina the Deep Elf Delver began the quest for the Orb.
     0 | D:5      | Reached XP level 1. HP: 13/13 MP: 3/3
     2 | D:5      | Found a glowing golden altar of the Shining One.
     7 | D:5      | Became a worshipper of Dithmenos the Shadowed
    12 | D:6      | Noticed a howler monkey
    15 | D:6      | Killed a howler monkey
    16 | D:6      | Reached skill level 7 in Stealth
    16 | D:6      | Reached XP level 2. HP: 18/18 MP: 4/4
    16 | D:6      | Reached XP level 3. HP: 22/22 MP: 5/5
    34 | D:6      | Slain by an iguana

Illustrated notes

Levels and vault maps discovered:
D:5:      layout_loops_ring, nicolae_overflow_hidden_temple,
          minmay_temple_entry_nine_rooms, serial_shops, nicolae_shop_waterfront,
          serial_bayou, serial_bayou_pond_b, serial_bayou_pond_e,
          serial_bayou_pond_c, serial_bayou_shore_a, serial_bayou_crossing
D:6:      layout_gridville, portal_sewer_entry_e, minmay_misc_feat_pillars,
          uniq_eustachio

Skill      XL: |  1 |
---------------+----+-----
Stealth        | 7 |  7.4
Fighting       | |  2.4
Short Blades   | |  2.0
Dodging        | |  2.4

Action                   || total
-------------------------++-------
Melee: Short sword       ||     6
  Use: Potion            ||     1
 Stab: Sleeping          ||     1

Table legend: (Time is in decaauts)
 A = Elapsed time spent in this place.
 B = Non-inter-level travel time spent in this place.
 C = Inter-level travel time spent in this place.
 D = Time resting spent in this place.
 E = Time spent auto-exploring this place.
 F = Levels seen in this place.
 G = Mean time per level.
                   A        B        C        D        E       F      G
               +--------+--------+--------+--------+--------+-----+--------+
         Total |     32 |     32 |      0 |      0 |      0 |   2 |   16.0 |
       Dungeon |     32 |     32 |      0 |      0 |      0 |   2 |   16.0 |
               +--------+--------+--------+--------+--------+-----+--------+

Top non-repeatable levels by time:
     D:6: 20 daAuts
     D:5: 12 daAuts
